 Dungeon Sprint DCSS version 0.30-a0-465-g8901f6c8b5 (webtiles) character file.

Game seed: 1525103680404861061

262 NinjaNoafa the Fighter (level 8, -1/72 HPs)
             Began as a Gnoll Wanderer on Dec 18, 2022.
             Was an Elder of Vehumet.
             Slain by a giant anaconda (12 damage)
             ... in the Dungeon (Sprint VI: "Thunderdome").
             The game lasted 00:06:54 (629 turns).

NinjaNoafa the Fighter (Gnoll Wanderer)              Turns: 629, Time: 00:06:55

Health: -1/72      AC:  4    Str: 10    XL:     8   Next: 71%
Magic:  0/19       EV: 15    Int: 18    God:    Vehumet [****..]
Gold:   220        SH:  5    Dex: 17    Spells: 9/22 levels left

rFire   . . .      SeeInvis +    a - +1 sling
rCold   + . .      Faith    .    (no shield)
rNeg    . . .      Spirit   .    o - +0 leather armour of the Lair of Beasts {Slay+3}
rPois   +          Reflect  +    (no helmet)
rElec   .          Harm     .    (no cloak)
rCorr   +          Rampage  .    (no gloves)
Will    +....      NoTele   +    (no boots)
Stlth   +++.......               b - amulet "Fadu" {Reflect Drain rC+ SH+5 SInv}
HPRegen 0.32/turn                d - ring "Nefinoda" {Will+ rCorr Int+5 Dex-3}
MPRegen 0.16/turn                n - ring "Biujul" {rPois Dex+6}

@: no status effects
A: fangs 1, strong nose, distributed training
a: Renounce Religion


You were in the Dungeon.
You worshipped Vehumet.
Vehumet was greatly pleased with you.
You visited 1 branch You collected 600 gold pieces.
You spent 380 gold pieces at shops.

Inventory:

Hand Weapons
 a - a +1 sling (weapon)
Armour
 o - the +0 leather armour of the Lair of Beasts (worn) {Slay+3}
   (You bought it in a shop in the Dungeon)

   Slay:      It affects your accuracy & damage with ranged weapons and melee
   (+3).
Jewellery
 b - the amulet "Fadu" (around neck) {Reflect Drain rC+ SH+5 SInv}
   (You bought it in a shop in the Dungeon)

   [amulet of reflection]

   It reflects blocked missile attacks.
   rC:        It protects you from cold.
   SInv:      It lets you see invisible.
   Drain:     It drains your maximum health when unequipped.
   SH:        It affects your SH (+5).
 d - the ring "Nefinoda" (left hand) {Will+ rCorr Int+5 Dex-3}
   (You bought it in a shop in the Dungeon)

   [ring of resist corrosion]

   Int:       It affects your intelligence (+5).
   Dex:       It affects your dexterity (-3).
   rCorr:     It protects you from acid and corrosion.
   Will:      It increases your willpower.
 n - the ring "Biujul" (right hand) {rPois Dex+6}
   (You bought it in a shop in the Dungeon)

   [ring of dexterity]

   Dex:       It affects your dexterity (+6).
   rPois:     It protects you from poison.
Wands
 k - a wand of quicksilver (2)
 l - a wand of iceblast (3)
Scrolls
 i - 3 scrolls of blinking
 m - 3 scrolls of fog
Potions
 e - a potion of heal wounds
 f - 2 potions of haste
 g - 2 potions of magic
 h - a potion of berserk rage
 j - 2 potions of resistance


   Skills:
 + Level 9.7 Fighting
 + Level 7.0 Short Blades
 + Level 7.0 Long Blades
 + Level 7.0 Axes
 + Level 7.0 Maces & Flails
 + Level 7.0 Polearms
 + Level 7.0 Staves
 + Level 7.6 Ranged Weapons
 + Level 7.0 Throwing
 + Level 8.5 Armour
 + Level 7.0 Dodging
 + Level 7.0 Stealth
 + Level 7.0 Shields
 + Level 7.0 Unarmed Combat
 + Level 7.6 Spellcasting
 + Level 5.8 Conjurations
 + Level 5.8 Hexes
 + Level 5.8 Summonings
 + Level 5.8 Necromancy
 + Level 5.8 Translocations
 + Level 5.8 Transmutations
 + Level 8.1 Fire Magic
 + Level 5.8 Ice Magic
 + Level 5.8 Air Magic
 + Level 5.8 Earth Magic
 + Level 5.8 Poison Magic
 + Level 7.7 Invocations
 + Level 7.0 Evocations


You had 9 spell levels left.
You knew the following spells:

 Your Spells              Type           Power      Damage    Failure   Level
a - Foxfire               Conj/Fire      100%       2x1d9     1%          1
b - Freeze                Ice            100%       1d10      1%          1
c - Shock                 Conj/Air       100%       1d9       1%          1
d - Kindle Blastsparks    Fire/Tloc/Air  60%        2d15      1%          3
e - Sticky Flame          Conj/Fire      32%        2d5       1%          4
f - Dazzling Flash        Conj/Hex       56%        N/A       1%          3

Your spell library contained the following spells:

 Spells                   Type           Power      Damage    Failure   Level
 Airstrike                Air            14%        2d(2-18)  3%          4


Dungeon Overview and Level Annotations

Branches:
Dungeon (1/1)

Altars:
Cheibriados
Dithmenos
Fedhas
Gozag
Kikubaaqudgha
Makhleb
Okawaru
Qazlal
Ru
Sif Muna
Trog
Uskayaw
Vehumet
Wu Jian
Xom
Yredelemnul
Zin
The Shining One
Lugonu

Shops:
D *[??*?*:[((!!!!


Innate Abilities, Weirdness & Mutations

You have very sharp teeth.
Your uncanny sense of smell can sniff out nearby items.
Your experience applies equally to all skills.


Message History

Confirm with . or Enter, or press ? or * to list all spells.
Aiming: Sticky Flame (dangerous; 1% risk of failure)
Press: ? - help, Shift-Dir - straight line, f - giant anaconda
Aim: a giant anaconda (lightly wounded)
The sticky flame hits the giant anaconda.
The giant anaconda is moderately wounded.
The giant anaconda is covered in liquid flames!
The giant anaconda burns!
The giant anaconda grabs you. You block the giant anaconda's attack.
The giant anaconda constricts you.
Press: ? - help, v - describe, . - travel
Here: a giant anaconda (moderately wounded, constricting you, covered in liquid flames)
The floor.
Unknown command.
Unknown command.
Casting: Sticky Flame (dangerous; 1% risk of failure)
Confirm with . or Enter, or press ? or * to list all spells.
Casting: Dazzling Flash (safe; 1% risk of failure)
Press: ? - help, Dir - look around, f - activate
Okay, then.
Casting: Dazzling Flash (safe; 1% risk of failure)
Confirm with . or Enter, or press ? or * to list all spells.
Aiming: Sticky Flame (dangerous; 1% risk of failure)
Press: ? - help, Shift-Dir - straight line, f/p - giant anaconda
Aim: a giant anaconda (moderately wounded, constricting you, covered in liquid flames)
The sticky flame hits the giant anaconda!
The giant anaconda is moderately wounded.
The giant anaconda is covered in liquid flames!
The giant anaconda burns!
The giant anaconda bites you but does no damage.
The giant anaconda constricts you. The giant anaconda bites you!
* * * LOW HITPOINT WARNING * * *
The giant anaconda constricts you.
* * * LOW HITPOINT WARNING * * *
You escape the giant anaconda's grasp.
The giant anaconda burns!
You feel much better.
The giant anaconda burns!
The giant anaconda closely misses you. The giant anaconda bites you!
The black mamba bites you!
* * * LOW HITPOINT WARNING * * *
The giant anaconda closely misses you. The giant anaconda bites you!
You die...

##.............###..........
#⌠..........###...###...†...
#⌠..........# #.<.# #.......
#⌠..........###...###.......
##.............###...)......
###∩.[......8.# #.8.[......
##∩__......§###......_._∩
######.8S........8.#####
#⌠@S.........⌠#
###...÷.....### #_......._#
#_......._# #_......._#
#∩.......∩# ##∩.....∩##
##.....## ##⌠§⌠##


You could see a giant anaconda (burning) and a black mamba.

Vanquished Creatures
  A cane toad (D)
  Prince Ribbit (D)
  6 ice beasts (D)
  4 bullfrogs (D)
  A gnoll sergeant (D)
  A hound (D)
  Jessica (D)
  2 gnolls (D)
  An endoplasm (D)
  A hobgoblin (D)
  A frilled lizard (D)
  A rat (D)
21 creatures vanquished.

Vanquished Creatures (others)
  115 foxfires (D)
115 creatures vanquished.

Grand Total: 136 creatures vanquished

Notes
Turn   | Place    | Note
-------+----------+-------------------------------------------
     0 | D        | NinjaNoafa the Gnoll Wanderer began the quest for the Orb.
     0 | D        | NinjaNoafa set off with the following items: a +1 sling, a
                  | scroll of fear, a +0 robe, a potion of curing, a potion of
                  | heal wounds, a potion of haste, 2 potions of magic, a
                  | potion of berserk rage, a scroll of blinking; and the
                  | following spell memorised: Foxfire; and the following
                  | spells available to memorise: Kindle Blastsparks, Sticky
                  | Flame.
     0 | D        | Reached XP level 1. HP: 23/23 MP: 4/4
     2 | D        | Found a shimmering altar of Xom.
     2 | D        | Found a shadowy altar of Dithmenos.
     3 | D        | Found a stormy altar of Qazlal.
     3 | D        | Found a glowing golden altar of the Shining One.
     4 | D        | Found a glowing silver altar of Zin.
     4 | D        | Found a corrupted altar of Lugonu.
     4 | D        | Found Xotrigusob's Staff Store.
     4 | D        | Found Usarucw's Magic Scroll Shop.
     5 | D        | Found a sacrificial altar of Ru.
     5 | D        | Found Enwosoma's Must-Have Magic.
     5 | D        | Found Namasakhli's Magic Scroll Shop.
     5 | D        | Round 1.
    33 | D        | Reached skill level 1 in Short Blades
    33 | D        | Reached skill level 1 in Long Blades
    33 | D        | Reached skill level 1 in Axes
    33 | D        | Reached skill level 1 in Maces & Flails
    33 | D        | Reached skill level 1 in Polearms
    33 | D        | Reached skill level 1 in Staves
    33 | D        | Reached skill level 1 in Throwing
    33 | D        | Reached skill level 1 in Dodging
    33 | D        | Reached skill level 1 in Stealth
    33 | D        | Reached skill level 1 in Shields
    33 | D        | Reached skill level 1 in Unarmed Combat
    33 | D        | Reached skill level 1 in Conjurations
    33 | D        | Reached skill level 1 in Hexes
    33 | D        | Reached skill level 1 in Summonings
    33 | D        | Reached skill level 1 in Necromancy
    33 | D        | Reached skill level 1 in Translocations
    33 | D        | Reached skill level 1 in Transmutations
    33 | D        | Reached skill level 1 in Ice Magic
    33 | D        | Reached skill level 1 in Air Magic
    33 | D        | Reached skill level 1 in Earth Magic
    33 | D        | Reached skill level 1 in Poison Magic
    33 | D        | Reached skill level 1 in Invocations
    33 | D        | Reached skill level 1 in Evocations
    33 | D        | Reached XP level 2. HP: 16/29 MP: 3/6
   108 | D        | Noticed Jessica
   114 | D        | Killed Jessica
   115 | D        | Reached skill level 5 in Armour
   115 | D        | Reached XP level 3. HP: 35/35 MP: 0/8
   124 | D        | Arena points: 14 (+14) [x2]
   159 | D        | Round 2.
   159 | D        | Noticed Crazy Yiuf
   159 | D        | Noticed a gnoll sergeant
   161 | D        | Found a shimmering blue altar of Sif Muna.
   163 | D        | Found a radiant altar of Vehumet.
   165 | D        | Found Lafomp's Jewellery.
   165 | D        | Found Rytziac's Advanced Armour.
   171 | D        | Became a worshipper of Vehumet
   173 | D        | Found Acicluuch's Identification Station.
   173 | D        | Found a hide-covered altar of Uskayaw.
   173 | D        | Found a blossoming altar of Fedhas.
   176 | D        | Found an opulent altar of Gozag.
   176 | D        | Found a snail-covered altar of Cheibriados.
   176 | D        | Found an iron altar of Okawaru.
   176 | D        | Found Murah's Premium Goods.
   176 | D        | Found Fokemmoh's Miscellaneous Merchandise.
   177 | D        | Found Opnadgh's Basic Armour.
   178 | D        | Found an ancient bone altar of Kikubaaqudgha.
   178 | D        | Found a bloodstained altar of Trog.
   178 | D        | Found a basalt altar of Yredelemnul.
   178 | D        | Found Cumpis's Weapon Rack.
   189 | D        | Reached skill level 7 in Fighting
   189 | D        | Reached XP level 4. HP: 43/43 MP: 4/9
   189 | D        | Found a burning altar of Makhleb.
   196 | D        | Found an ornate altar of the Wu Jian Council.
   196 | D        | Found Yprasmusewn's Do-It-Yourself Clinic.
   197 | D        | Found Luca's Bottled Wisdom.
   197 | D        | Found Neit's Distillery.
   199 | D        | Found Niamy's Distillery.
   204 | D        | Killed a gnoll sergeant
   204 | D        | Reached * piety under Vehumet
   204 | D        | Offered knowledge of Freeze by Vehumet.
   205 | D        | Reached XP level 5. HP: 36/48 MP: 0/11
   228 | D        | Arena points: 38 (+24) [x3]
   243 | D        | Round 3.
   267 | D        | Noticed an ice beast
   273 | D        | Killed an ice beast
   274 | D        | Reached skill level 5 in Ranged Weapons
   274 | D        | Reached skill level 5 in Spellcasting
   274 | D        | Reached XP level 6. HP: 56/56 MP: 1/13
   286 | D        | Learned a level 1 spell: Freeze
   286 | D        | Bought a brightly glowing diamond amulet for 45 gold pieces
   286 | D        | Identified the amulet "Fadu" {Reflect Drain rC+ SH+5 SInv}
                  | (You bought it in a shop in the Dungeon)
   293 | D        | Bought a brightly glowing wooden ring for 45 gold pieces
   293 | D        | Identified the ring "Nefinoda" {Will+ rCorr Int+5 Dex-3}
                  | (You bought it in a shop in the Dungeon)
   293 | D        | Bought a clouded lead ring for 45 gold pieces
   293 | D        | Identified the ring "Biujul" {rPois Dex+6} (You bought it
                  | in a shop in the Dungeon)
   304 | D        | Noticed an ice beast
   309 | D        | Noticed an ice beast
   320 | D        | Noticed an ice beast
   371 | D        | Noticed an ice beast
   374 | D        | Killed an ice beast
   374 | D        | Killed an ice beast
   374 | D        | Offered knowledge of Shock by Vehumet.
   375 | D        | Reached skill level 8 in Fighting
   375 | D        | Reached skill level 5 in Short Blades
   375 | D        | Reached skill level 5 in Long Blades
   375 | D        | Reached skill level 5 in Axes
   375 | D        | Reached skill level 5 in Maces & Flails
   375 | D        | Reached skill level 5 in Polearms
   375 | D        | Reached skill level 5 in Staves
   375 | D        | Reached skill level 5 in Throwing
   375 | D        | Reached skill level 5 in Dodging
   375 | D        | Reached skill level 5 in Stealth
   375 | D        | Reached skill level 5 in Shields
   375 | D        | Reached skill level 5 in Unarmed Combat
   375 | D        | Reached skill level 5 in Invocations
   375 | D        | Reached skill level 5 in Evocations
   390 | D        | Noticed an ice beast
   400 | D        | Killed an ice beast
   400 | D        | Reached ** piety under Vehumet
   401 | D        | Reached XP level 7. HP: 48/63 MP: 3/16
   408 | D        | Learned a level 1 spell: Shock
   415 | D        | Offered knowledge of Dazzling Flash by Vehumet.
   415 | D        | Arena points: 122 (+84) [x4]
   423 | D        | Learned a level 3 spell: Kindle Blastsparks
   428 | D        | Learned a level 4 spell: Sticky Flame
   432 | D        | Learned a level 3 spell: Dazzling Flash
   453 | D        | Round 4.
   459 | D        | Reached skill level 9 in Fighting
   459 | D        | Reached skill level 5 in Conjurations
   459 | D        | Reached skill level 5 in Hexes
   459 | D        | Reached skill level 5 in Summonings
   459 | D        | Reached skill level 5 in Necromancy
   459 | D        | Reached skill level 5 in Translocations
   459 | D        | Reached skill level 5 in Transmutations
   459 | D        | Reached skill level 5 in Ice Magic
   459 | D        | Reached skill level 5 in Air Magic
   459 | D        | Reached skill level 5 in Earth Magic
   459 | D        | Reached skill level 5 in Poison Magic
   480 | D        | Reached *** piety under Vehumet
   497 | D        | Offered knowledge of Airstrike by Vehumet.
   498 | D        | Reached XP level 8. HP: 60/71 MP: 6/18
   533 | D        | Bought an ichor-stained leather armour for 245 gold pieces
   533 | D        | Identified the +0 leather armour of the Lair of Beasts
                  | {Slay+3} (You bought it in a shop in the Dungeon)
   548 | D        | Noticed a cane toad
   562 | D        | Killed a cane toad
   567 | D        | Noticed Prince Ribbit
   577 | D        | Killed Prince Ribbit
   577 | D        | Reached **** piety under Vehumet
   577 | D        | Arena points: 262 (+140) [x5]
   600 | D        | Round 5.
   613 | D        | Noticed a giant anaconda
   623 | D        | Noticed a black mamba
   629 | D        | Slain by a giant anaconda

Illustrated notes

Levels and vault maps discovered:
D:        arena_sprint

Skill      XL: |  1  2  3  4  5  6  7  8 |
---------------+-------------------------+-----
Short Blades   | 1 2 3 4 5 6 7 |  7.0
Long Blades    | 1 2 3 4 5 6 7 |  7.0
Axes           | 1 2 3 4 5 6 7 |  7.0
Maces & Flails | 1 2 3 4 5 6 7 |  7.0
Polearms       | 1 2 3 4 5 6 7 |  7.0
Staves         | 1 2 3 4 5 6 7 |  7.0
Throwing       | 1 2 3 4 5 6 7 |  7.0
Dodging        | 1 2 3 4 5 6 7 |  7.0
Stealth        | 1 2 3 4 5 6 7 |  7.0
Shields        | 1 2 3 4 5 6 7 |  7.0
Unarmed Combat | 1 2 3 4 5 6 7 |  7.0
Spellcasting   | 3 4 5 6 7 |  7.6
Conjurations   | 1 2 3 4 5 |  5.8
Hexes          | 1 2 3 4 5 |  5.8
Summonings     | 1 2 3 4 5 |  5.8
Necromancy     | 1 2 3 4 5 |  5.8
Translocations | 1 2 3 4 5 |  5.8
Transmutations | 1 2 3 4 5 |  5.8
Ice Magic      | 1 2 3 4 5 |  5.8
Air Magic      | 1 2 3 4 5 |  5.8
Earth Magic    | 1 2 3 4 5 |  5.8
Poison Magic   | 1 2 3 4 5 |  5.8
Invocations    | 1 2 3 4 6 7 |  7.7
Evocations     | 1 2 3 4 5 6 7 |  7.0
Ranged Weapons | 3 4 5 6 7 |  7.6
Armour         | 5 6 7 8 |  8.5
Fighting       | 7 8 9 |  9.7
Fire Magic     | 6 7 8 |  8.1

Action                   |  1- 3 |  4- 6 |  7- 9 || total
-------------------------+-------+-------+-------++-------
 Fire: Sling             |     9 |    10 |     1 ||    20
 Cast: Foxfire           |    14 |    26 |    29 ||    69
       Freeze            |       |       |     1 ||     1
       Shock             |       |       |     1 ||     1
       Kindle Blastspark |       |       |     4 ||     4
       Sticky Flame      |       |       |     2 ||     2
Evoke: Wand              |     1 |     4 |       ||     5
  Use: Potion            |     3 |     1 |     2 ||     6
       Scroll            |     2 |       |       ||     2
Armor: Robe              |       |     3 |       ||     3
       Leather armour    |       |       |     1 ||     1
Dodge: Dodged            |     3 |    12 |    10 ||    25
Block: Other             |       |     2 |     4 ||     6

Table legend: (Time is in decaauts)
 A = Elapsed time spent in this place.
 B = Non-inter-level travel time spent in this place.
 C = Inter-level travel time spent in this place.
 D = Time resting spent in this place.
 E = Time spent auto-exploring this place.
 F = Levels seen in this place.
 G = Mean time per level.
                   A        B        C        D        E       F      G
               +--------+--------+--------+--------+--------+-----+--------+
         Total |    599 |    578 |     21 |      0 |    242 |   1 |  599.0 |
       Dungeon |    599 |    578 |     21 |      0 |    242 |   1 |  599.0 |
               +--------+--------+--------+--------+--------+-----+--------+

Top non-repeatable levels by time:
       D: 599 daAuts
